Map: Whispers of Gold

Players

Lambo - Winner!

  • Race: Zerg Zerg
  • Spawn Location: 9:00

SKillous

  • Race: Protoss Protoss
  • League: Grandmaster
  • Spawn Location: 5:00

Event: HomeStory Cup XXVI

VOD

Have the link to the VOD?

Description

Time

  • Played on: Nov. 29, 2024, 7:25 a.m.
  • Length: 7:51

All games in this series

Show
View Real Time Build Order
Export as new Build Order

Lambo Zerg - Winner!

Build Orders: Hatch First 

Get SALT Encoding   

  12  0:00  Drone  
  13  0:08  Drone  
  13  0:14  Extractor  
  13  0:15  Drone  
  15  0:22  Overlord  
  15  0:40  Drone  
  16  0:46  Hatchery  
  15  0:50  Drone  
  15  0:55  Drone  
  17  1:00  Drone  
  18  1:09  Extractor  
  17  1:15  Spawning Pool  
  17  1:18  Drone  
  17  1:22  Drone  
  18  1:26  Drone  
  19  1:39  Drone  
  20  1:48  Drone  
  21  2:01  Queen  
  21  2:02  Zergling x2, Queen  
  21  2:07  Overlord  
  26  2:13  Metabolic Boost  
  26  2:16  Drone  
  26  2:22  Drone  
  28  2:25  Zergling x2  
  28  2:27  Drone  
  30  2:33  Drone  
  32  2:37  Drone  
  32  2:46  Hatchery  
  31  2:52  Queen  
  31  2:55  Zergling x2  
  35  2:58  Drone  
  35  3:00  Drone  
  36  3:07  Overlord  
  36  3:09  Overlord  
  36  3:14  Extractor  
  36  3:15  Drone x2, Extractor  
  38  3:25  Drone x3  
  42  3:27  Drone x2  
  42  3:30  Spore Crawler  
  42  3:35  Queen  
  42  3:36  Drone  
  42  3:37  Drone  
  42  3:40  Drone  
  47  3:46  Queen  
  49  3:49  Drone x2  
  49  3:53  Drone  
  49  3:55  Overlord  
  52  3:59  Drone x2  
  52  4:00  Drone  
  55  4:04  Overlord  
  55  4:08  Drone  
  55  4:09  Spore Crawler  
  55  4:13  Drone x2  
  55  4:15  Drone x2  
  59  4:19  Drone x3  
  62  4:25  Roach Warren  
  62  4:26  Drone  
  62  4:29  Overlord  
  62  4:32  Zergling x4  
  62  4:34  Zergling x2  
  65  4:43  Evolution Chamber  
  65  4:45  Drone x2  
  66  4:47  Overlord  
  66  4:48  Drone x3, Extractor  
  66  4:49  Drone, Zergling x2  
  66  4:51  Lair  
  69  4:53  Drone  
  69  4:57  Zergling x4  
  69  4:58  Zergling x2, Overlord  
  73  5:01  Overlord  
  73  5:06  Overlord  
  73  5:10  Drone x3  
  73  5:13  Spore Crawler  
  75  5:14  Zerg Melee Weapons Level 1  
  75  5:16  Overlord, Extractor  
  75  5:17  Overlord, Extractor  
  75  5:20  Drone, Overlord  
  74  5:28  Drone  
  75  5:30  Drone  
  75  5:31  Hatchery  
  75  5:32  Drone x2  
  75  5:35  Zergling x4  
  79  5:37  Drone x2  
  79  5:40  Drone x2  
  83  5:43  Overlord  
  83  5:47  Drone  
  83  5:48  Pneumatized Carapace  
  84  5:55  Overlord  
  84  5:59  Roach x3  
  84  6:00  Roach x3  
  96  6:05  Zergling x8  
  96  6:10  Extractor, Roach x2  
  103  6:16  Zergling x4  
  105  6:20  Zergling x6  
  105  6:25  Zergling x14  
  115  6:32  Zergling x4  
  115  6:38  Queen  
  119  6:40  Roach x2  
  119  6:41  Ravager x5  
  128  6:48  Hatchery, Zergling x10  
  128  6:51  Overlord  
  128  6:52  Queen  
  132  7:00  Roach x4  
  136  7:03  Ravager  
  136  7:06  Zergling x4  
  136  7:07  Zergling x6  
  127  7:17  Zergling x10  
  126  7:23  Roach x2  
  122  7:31  Roach x2  
Show
View Real Time Build Order
Export as new Build Order

SKillous Protoss 

Build Orders: 1 Gate Expand, Oracle Opening 

Get SALT Encoding   

  12  0:00  Probe  
  13  0:12  Probe  
  14  0:19  Pylon  
  14  0:24  Probe  
  15  0:33  Probe  
  15  0:41  Gateway, Probe  
  17  0:52  Assimilator  
  17  0:54  Probe  
  18  1:06  Probe  
  19  1:18  Probe  
  20  1:28  Nexus  
  20  1:39  Cybernetics Core  
  20  1:44  Probe  
  21  1:50  Assimilator  
  21  1:56  Probe  
  21  1:59  Pylon  
  22  2:07  Adept  
  23  2:08  Probe  
  23  2:20  Probe  
  23  2:22  Stargate  
  26  2:30  Warp Gate  
  26  2:32  Probe  
  26  2:36  Probe  
  27  2:37  Adept  
  30  2:44  Probe x2  
  32  2:54  Probe  
  32  2:55  Oracle  
  32  2:56  Probe  
  37  3:06  Probe  
  37  3:09  Probe  
  41  3:17  Gateway  
  41  3:18  Probe  
  42  3:21  Probe  
  43  3:31  Probe  
  43  3:32  Oracle  
  43  3:33  Probe  
  46  3:43  Nexus  
  46  3:48  Pylon  
  46  3:56  Twilight Council  
  46  4:00  Pylon  
  46  4:03  Probe  
  46  4:06  Probe  
  48  4:11  Blink, Probe  
  49  4:18  Stalker  
  49  4:19  Probe  
  49  4:21  Probe  
  49  4:23  Gateway  
  49  4:24  Gateway  
  53  4:25  Adept  
  53  4:29  Assimilator  
  53  4:31  Probe  
  56  4:33  Probe  
  57  4:43  Probe  
  57  4:45  Probe  
  59  4:49  Stalker  
  61  4:54  Assimilator  
  61  4:55  Probe x2  
  61  4:57  Probe  
  64  5:03  Stalker  
  64  5:06  Forge  
  66  5:07  Probe  
  66  5:11  Probe x2  
  66  5:12  Stalker  
  66  5:13  Shield Battery  
  71  5:19  Probe x2  
  71  5:20  Pylon  
  72  5:23  Probe  
  72  5:25  Robotics Facility  
  72  5:28  Protoss Ground Weapons Level 1  
  74  5:30  Probe  
  74  5:31  Pylon  
  74  5:33  Probe  
  76  5:38  Probe  
  76  5:40  Stalker x2  
  81  5:45  Probe  
  81  5:47  Probe  
  83  5:55  Stalker x2, Probe  
  88  5:58  Probe  
  88  6:03  Probe  
  90  6:06  Assimilator, Pylon  
  90  6:07  Probe  
  90  6:10  Assimilator  
  91  6:12  Stalker  
  93  6:22  Pylon  
  93  6:24  Probe x2  
  93  6:25  Pylon  
  95  6:26  Pylon  
  95  6:27  Stalker x3, Observer  
  95  6:28  Probe  
  95  6:32  Robotics Bay  
  98  6:35  Robotics Facility  
  100  6:43  Pylon  
  102  6:48  Immortal  
  103  6:58  Stalker x4  
  106  7:15  Disruptor  
  97  7:21  Stalker x4  
  89  7:25  Probe x2  
  89  7:28  Probe  
  61  7:37  Probe  
  61  7:38  Probe  
Tags
 
Add a new tag
Caveats
  • Supply blocks, unpowered buildings, or Contaminate may cause inaccurate times.
  • Supply counts are checked every 10 seconds.